 Dungeon Crawl Stone Soup version 0.25-a0-505-gae4569222e (webtiles) character file.

Game seed: 3489207640586623821, levelgen mode: deterministic

51278 kae the Black Belt (level 14, -11/177 HPs)
             Began as a Demonspawn Gladiator on Feb 14, 2020.
             Was the Champion of Wu Jian.
             Mangled by a manticore (19 damage)
             ... on level 6 of the Lair of Beasts.
             The game lasted 00:26:48 (23528 turns).

kae the Black Belt (Demonspawn Gladiator)          Turns: 23528, Time: 00:26:49

Health: -11/177    AC: 14    Str: 21    XL:     14   Next: 22%
Magic:  14/14      EV: 24    Int:  9    God:    Wu Jian [******]
Gold:   1329       SH:  0    Dex: 29    Spells: 13/13 levels left

rFire    + . .     SeeInvis +     - Unarmed
rCold    x . .     Gourm    .   (no shield)
rNeg     . . .     Faith    .   y - +0 swamp dragon scales
rPois    +         Spirit   .   B - +1 hat {SInv}
rElec    +         Reflect  .   (no cloak)
rCorr    .         Harm     .   (no gloves)
MR       +....     Clarity  +   (no boots)
Stlth    ..........             (no amulet)
HPRegen  4.39/turn              G - ring of fire
MPRegen  0.14/turn              z - +5 ring of dexterity

@: mighty, agile, berserking, lethally poisoned (-11 -> -11), very quick
A: antennae 2, hooves 2, thin metallic scales 3, clarity, powered by death 1,
powered by pain 3, evolution 1
a: Wall Jump, Serpent's Lash, Heavenly Storm, Renounce Religion


You were on level 6 of the Lair of Beasts.
You worshipped Wu Jian.
Wu Jian was exalted by your worship.
You were not hungry.

You visited 3 branches of the dungeon, and saw 19 of its levels.
You also visited: Gauntlet.

You collected 1329 gold pieces.

Inventory:

Hand Weapons
 J - the +11 hand axe "Caatithri" {elec, rF+ MR+}
   (You took it off a spriggan on level 6 of the Lair of Beasts)

   Occasionally, upon striking a foe, it will discharge some electrical energy
   and cause terrible harm.
   It protects you from fire.
   It affects your resistance to hostile enchantments.
Missiles
 c - 5 throwing nets (quivered)
Armour
 y - +0 swamp dragon scales (worn)
 B - a +1 hat of see invisible (worn)
Jewellery
 j - a +2 ring of protection
 q - an uncursed ring of ice
 x - an uncursed amulet of faith
 z - a +5 ring of dexterity (right hand)
 E - an uncursed ring of poison resistance
 G - a ring of fire (left hand)
Wands
 f - a wand of iceblast (16)
 m - a wand of polymorph (6)
 p - a wand of random effects (41)
 s - a wand of acid (24)
 v - a wand of paralysis (13)
 I - a wand of enslavement (12)
Scrolls
 g - 11 scrolls of remove curse
 h - 8 scrolls of teleportation
 k - 2 scrolls of fear
 n - 2 scrolls of magic mapping
 o - 2 scrolls of fog
 r - 10 scrolls of identify
 t - 7 scrolls of amnesia
 F - a scroll of blinking
 K - a scroll of enchant armour
Potions
 a - 2 potions of heal wounds
 b - a potion of flight
 e - 5 potions of brilliance
 i - 2 potions of magic
 l - 6 potions of curing
 u - 2 potions of might
 w - 2 potions of haste
 A - a potion of berserk rage
 C - a potion of agility
 D - a potion of cancellation
 H - 2 potions of invisibility
Comestibles
 d - 29 rations


   Skills:
 - Level 13.0 Fighting
 - Level 1.7 Throwing
 + Level 7.2 Armour
 + Level 7.9 Dodging
 - Level 16.2 Unarmed Combat


You had 13 spell levels left.
You didn't know any spells.
Your spell library contained the following spells:

 Spells                   Type           Power        Failure   Level  Hunger
 Apportation              Tloc           #.....       52%         1    ##.....
 Freeze                   Ice            #...         52%         1    ##.....
 Magic Dart               Conj           #...         52%         1    ##.....
 Shock                    Conj/Air       #...         52%         1    ##.....
 Summon Butterflies       Summ           #.......     52%         1    ##.....
 Summon Small Mammal      Summ           #...         52%         1    ##.....
 Blink                    Tloc           N/A          67%         2    ###....
 Call Imp                 Summ           #.......     67%         2    ###....
 Slow                     Hex            #.......     67%         2    ###....
 Swiftness                Chrm/Air       #.......     67%         2    ###....
 Call Canine Familiar     Summ           #.......     88%         3    ####...
 Confusing Touch          Hex            #.......     88%         3    ####...
 Conjure Flame            Conj/Fire      #.......     88%         3    ####...
 Frozen Ramparts          Ice            #.....       88%         3    ####...
 Gell's Gravitas          Tloc           #.........   88%         3    ####...
 Lesser Beckoning         Tloc           #.........   88%         3    ####...
 Mephitic Cloud           Conj/Pois/Air  #.......     88%         3    ####...
 Ozocubu's Armour         Chrm/Ice       #.......     88%         3    ####...
 Recall                   Summ/Tloc      N/A          88%         3    ####...
 Static Discharge         Conj/Air       #.......     88%         3    ####...
 Summon Guardian Golem    Hex/Summ       #.......     88%         3    ####...
 Tukima's Dance           Hex            #.......     88%         3    ####...
 Airstrike                Air            #.........   99%         4    #####..
 Animate Dead             Necr           N/A          99%         4    #####..
 Hailstorm                Conj/Ice       #.......     99%         4    #####..
 Petrify                  Tmut/Erth      #.......     99%         4    #####..
 Summon Ice Beast         Ice/Summ       #.......     99%         4    #####..
 Summon Lightning Spire   Summ/Air       #.......     99%         4    #####..
 Alistair's Intoxication  Tmut/Pois      #.......     100%        5    ######.
 Borgnjor's Vile Clutch   Necr/Erth      #.........   100%        5    ######.
 Lightning Bolt           Conj/Air       #.........   100%        5    ######.
 Metabolic Englaciation   Hex/Ice        #.........   100%        5    ######.
 Yara's Violent Unravell  Hex/Tmut       #.........   100%        5    ######.
 Death Channel            Necr           #.........   100%        6    #######
 Invisibility             Hex            #.......     100%        6    #######
 Simulacrum               Ice/Necr       #.........   100%        6    #######


Dungeon Overview and Level Annotations

Branches:
Dungeon (12/15)            Temple (1/1) D:5            Lair (6/6) D:10
  Swamp (0/4) Lair:4        Snake (0/4) Lair:4        Slime (0/5) Lair:5
    Orc (0/2) D:10        Gauntlet (visited)

Altars:
Ashenzari
Cheibriados
Dithmenos
Elyvilon
Fedhas
Gozag
Hepliaklqana
Kikubaaqudgha
Makhleb
Nemelex Xobeh
Okawaru
Qazlal
Ru
Sif Muna
Trog
Uskayaw
Vehumet
Wu Jian
Xom
Yredelemnul
Zin
The Shining One
Jiyva

Shops:
D:6 %

Annotations:
D:12 exclusion: obsidian statue
Lair:3 1 runed translucent door
Lair:4 exclusion: oklob plant
Lair:5 exclusion: oklob plant
Lair:6 1 transporter, Lugonue's ghost, journeyman HOFi


Innate Abilities, Weirdness & Mutations

You have hoof-like feet.
You are completely covered in thin metallic scales. (AC +4, rElec)
You regenerate a little health from kills.
You are powered by pain.
You have a pair of antennae on your head.
You possess an exceptional clarity of mind.
You evolve.


Message History

You kick Lugonue's ghost, but do no damage.
The moth of wrath misses you. The moth of wrath bites you!
* * * LOW HITPOINT WARNING * * *
You hit the moth of wrath. You kick the moth of wrath.
The moth of wrath is moderately wounded.
You feel sick. Lugonue's ghost hits you!!
* * * LOW HITPOINT WARNING * * *
x2 The moth of wrath closely misses you.
You pummel the moth of wrath!!
You kill the moth of wrath!
The Council accepts your kill.
The moth of wrath goads the spiny frog on!
The spiny frog goes berserk!
You spin and attack the manticore repeatedly.
You pummel the manticore!! You kick the manticore.
The manticore is heavily wounded.
You hit the manticore. You kick the manticore!
The manticore is almost dead.
You feel sick. The manticore bites you!!
You die...

###.#.##...####
##............P#
#PP...#####...####### #
####...###.©.###...##..#####
#P##..##H......#..#..#.P##.#
#.....#..#.#...#............
#..P..#..#.#...#............
##..P..##.....#.##.....##....
#.......#$.#@H.#.#.##.#.#....
##......©#!".F#...#..#...##...
#...##P..#?#†yW..##.....#.#...
#...###.##[#...#.#©...........
##....#..# .#.##..##......#....
#.##.##..#.#...#...#.....#.....
###......##(.#....##..###..P...
#P......#......##.......#....
#P......##.#####.............


You could see a manticore (pinned), a moth of wrath, a spiny frog (berserk) and
Lugonue's ghost.

Vanquished Creatures
  Gastronok (D:11)
  Josephine (Lair:5)
  5 hydras
  2 two-headed ogres
  2 catoblepae
  An unseen horror (D:12)
  Pikel (D:5)
  A cyclops (D:10)
  A moth of wrath (Lair:6)
  6 black mambas
  Psyche (D:9)
  3 spiny frogs
  3 centaur skeletons
  Maggie (D:8)
  2 rime drakes (Lair:5)
  5 komodo dragons
  4 trolls
  4 hornets (Lair:6)
  Grinder (D:5)
  9 polar bears
  17 blink frogs
  20 dream sheep (Lair:6)
  8 hippogriffs
  15 spriggans (Lair:6)
  6 wraiths
  4 wyverns
  4 basilisks
  39 yaks
  A hungry ghost (D:9)
  Edmund (D:4)
  A warg (D:10)
  3 nagas (Lair:4)
  5 porcupines
  15 water moccasins
  6 ice beasts
  7 sky beasts
  5 black bears
  11 orc warriors
  3 phantoms
  A necrophage (D:12)
  22 wolves
  6 ogres
  3 boggarts (Lair:6)
  A tengu (D:4)
  3 centaurs
  13 crocodiles
  2 big kobolds (D:9)
  14 bullfrogs
  2 scorpions
  6 killer bees (D:12)
  A wight (D:6)
  3 electric eels
  3 crimson imps
  5 howler monkeys
  A bullfrog zombie (D:9)
  10 hounds
  3 jellies
  A gnoll shaman (D:4)
  8 orc priests
  A bullfrog skeleton (D:9)
  7 orc wizards
  2 iguanas
  7 worker ants
  A bullfrog simulacrum (D:10)
  2 centaur simulacra
  A hound zombie (D:6)
  A hound skeleton (D:5)
  A worker ant zombie (D:7)
  Robin (D:2)
  A howler monkey skeleton (D:11)
  10 adders
  7 gnolls
  A hound simulacrum (D:10)
  A shadow imp (D:7)
  A howler monkey simulacrum (D:9)
  3 white imps
  2 worker ant simulacra (D:10)
  2 ufetubi
  2 oozes (D:3)
  A worm (D:6)
  2 dart slugs
  4 leopard geckos
  63 orcs
  A ball python (D:3)
  4 giant cockroaches
  17 goblins
  10 hobgoblins
  14 jackals
  6 quokkas
  6 bats
  6 frilled lizards
  A jackal skeleton (D:5)
  23 kobolds
  A quokka skeleton (D:4)
  2 quokka zombies
  5 rats
  2 fungi
  3 plants (Lair:3)
558 creatures vanquished.

Vanquished Creatures (others)
  A bullfrog zombie (D:5)
  8 fungi
  5 plants
  12 toadstools
26 creatures vanquished.

Grand Total: 584 creatures vanquished

Notes
Turn   | Place    | Note
-------+----------+-------------------------------------------
     0 | D:1      | kae the Demonspawn Gladiator began the quest for the Orb.
     0 | D:1      | Reached XP level 1. HP: 16/16 MP: 1/1
   516 | D:1      | Reached skill level 3 in Unarmed Combat
   516 | D:1      | Gained mutation: You regenerate a little health from kills.
                  | [demonic ancestry]
   516 | D:1      | Reached XP level 2. HP: 10/22 MP: 2/2
  1309 | D:2      | Reached XP level 3. HP: 14/28 MP: 3/3
  1605 | D:2      | Gained mutation: You sometimes gain a little power by
                  | taking damage. [demonic ancestry]
  1605 | D:2      | Reached XP level 4. HP: 33/34 MP: 4/4
  1732 | D:2      | Noticed Robin
  1752 | D:2      | Killed Robin
  1763 | D:2      | Reached skill level 4 in Unarmed Combat
  2155 | D:3      | Gained mutation: You are partially covered in thin metallic
                  | scales. (AC +2) [demonic ancestry]
  2155 | D:3      | Reached XP level 5. HP: 38/41 MP: 5/5
  2344 | D:3      | Found a sacrificial altar of Ru.
  2758 | D:4      | Noticed an orc warrior
  3003 | D:4      | Noticed a tengu
  3003 | D:4      | an orc warrior changed into a tengu
  3081 | D:4      | Reached skill level 5 in Unarmed Combat
  3314 | D:4      | Killed a tengu
  3314 | D:4      | Gained mutation: You have large cloven feet. [demonic
                  | ancestry]
  3314 | D:4      | Reached XP level 6. HP: 48/48 MP: 6/6
  3390 | D:4      | Noticed Edmund
  3412 | D:4      | Killed Edmund
  3412 | D:4      | Reached skill level 6 in Unarmed Combat
  3863 | D:5      | Entered Level 5 of the Dungeon
  3879 | D:5      | Reached XP level 7. HP: 41/55 MP: 7/7
  4116 | D:5      | Noticed Grinder
  4130 | D:5      | Paralysed by something for 4 turns
  4332 | D:5      | Reached skill level 5 in Fighting
  4443 | D:5      | Found a staircase to the Ecumenical Temple.
  4470 | Temple   | Entered the Ecumenical Temple
  4582 | Temple   | Became a worshipper of the Wu Jian Council
  4631 | D:5      | Reached skill level 7 in Unarmed Combat
  4681 | D:5      | Paralysed by Grinder for 2 turns
  4690 | D:5      | Paralysed by Grinder for 5 turns
  4705 | D:5      | Killed Grinder
  4705 | D:5      | Reached XP level 8. HP: 16/63 MP: 8/8
  4962 | D:5      | Noticed Pikel
  4992 | D:5      | Killed Pikel
  4992 | D:5      | Reached skill level 8 in Unarmed Combat
  5188 | D:5      | Found a shattered altar of Ashenzari.
  5477 | D:6      | Reached skill level 9 in Unarmed Combat
  5518 | D:6      | Gained mutation: You have hoof-like feet. [demonic
                  | ancestry]
  5518 | D:6      | Reached XP level 9. HP: 72/72 MP: 9/9
  5749 | D:6      | Identified the +9 whip of Kisio {flame, rElec}
  5755 | D:6      | Reached * piety under Wu Jian
  5858 | D:6      | Found Henus's Food Shoppe.
  6067 | D:6      | Reached skill level 10 in Unarmed Combat
  7374 | D:7      | Reached ** piety under Wu Jian
  7419 | D:7      | Reached skill level 11 in Unarmed Combat
  7608 | D:7      | Gained mutation: You are mostly covered in thin metallic
                  | scales. (AC +3) [demonic ancestry]
  7608 | D:7      | Reached XP level 10. HP: 66/82 MP: 10/10
  7633 | D:8      | Noticed Maggie
  7877 | D:8      | Killed Maggie
  8432 | D:9      | Noticed Psyche
  8432 | D:9      | Noticed a two-headed ogre
  8444 | D:9      | Killed a two-headed ogre
  8444 | D:9      | Reached *** piety under Wu Jian
  8719 | D:9      | Reached skill level 12 in Unarmed Combat
  9591 | D:9      | Reached skill level 10 in Fighting
  9822 | D:9      | Killed Psyche
  9822 | D:9      | Gained mutation: You sometimes gain power by taking damage.
                  | [demonic ancestry]
  9822 | D:9      | Reached XP level 11. HP: 85/90 MP: 11/11
 10120 | D:10     | Entered Level 10 of the Dungeon
 10171 | D:10     | Found a staircase to the Orcish Mines.
 10242 | D:10     | Reached **** piety under Wu Jian
 10260 | D:10     | Found a staircase to the Lair.
 10303 | D:10     | Reached skill level 13 in Unarmed Combat
 12108 | D:11     | Found a gate leading to a gauntlet.
 12146 | Gauntlet | Entered a Gauntlet
 12146 | Gauntlet | Found a transporter.
 12146 | Gauntlet | Found a transporter.
 12146 | Gauntlet | Found a transporter.
 12147 | Gauntlet | Noticed an oklob plant
 12157 | Gauntlet | Found a transporter.
 12159 | Gauntlet | Found a transporter.
 12167 | Gauntlet | Found a transporter.
 12170 | Gauntlet | Found a transporter.
 12186 | Gauntlet | Found a transporter.
 12187 | Gauntlet | Noticed a sixfirhy
 12187 | Gauntlet | Noticed a sixfirhy
 12188 | Gauntlet | Noticed a sixfirhy
 12196 | Gauntlet | Found a transporter.
 12196 | Gauntlet | Noticed a hell beast
 12201 | Gauntlet | Found a transporter.
 12204 | Gauntlet | Found a transporter.
 12204 | Gauntlet | Noticed a necromancer
 12206 | Gauntlet | Found a runed translucent gate.
 12206 | Gauntlet | Found a runed translucent gate.
 12207 | Gauntlet | Found a large runed translucent door.
 12207 | Gauntlet | Found a large runed translucent door.
 12208 | Gauntlet | Found a large runed translucent door.
 12209 | Gauntlet | Found a large runed translucent door.
 12210 | Gauntlet | Found a large runed translucent door.
 12210 | Gauntlet | Found a large runed translucent door.
 12210 | Gauntlet | Found a runed translucent door.
 12211 | Gauntlet | Found a large runed translucent door.
 12212 | Gauntlet | Found a large runed translucent door.
 12214 | Gauntlet | Found a transporter.
 12215 | Gauntlet | Found a runed translucent gate.
 12215 | Gauntlet | Found a runed translucent door.
 12253 | Gauntlet | Found a large runed translucent door.
 12253 | Gauntlet | Found a large runed translucent door.
 12254 | Gauntlet | Found a large runed translucent door.
 12255 | Gauntlet | Found a large runed translucent door.
 12256 | Gauntlet | Found a large runed translucent door.
 12256 | Gauntlet | Found a large runed translucent door.
 12257 | Gauntlet | Found a large runed translucent door.
 12258 | Gauntlet | Found a large runed translucent door.
 12437 | Gauntlet | Gained mutation: You possess an exceptional clarity of
                  | mind. [potion of mutation]
 12437 | Gauntlet | Gained mutation: You have a pair of small antennae on your
                  | head. [potion of mutation]
 12437 | Gauntlet | Gained mutation: You do not regenerate when monsters are
                  | visible. [potion of mutation]
 12437 | Gauntlet | Gained mutation: You evolve. [potion of mutation]
 12954 | D:11     | Noticed Gastronok
 12966 | D:11     | Killed Gastronok
 12966 | D:11     | Reached skill level 14 in Unarmed Combat
 13192 | D:12     | Noticed an obsidian statue
 13280 | D:11     | Lost mutation: You do not regenerate when monsters are
                  | visible. [evolution]
 13567 | D:12     | Gained mutation: You are completely covered in thin
                  | metallic scales. (AC +4, rElec) [demonic ancestry]
 13567 | D:12     | Reached XP level 12. HP: 92/100 MP: 12/12
 13904 | D:12     | Noticed a two-headed ogre
 13913 | D:12     | Killed a two-headed ogre
 14250 | Lair:1   | Entered Level 1 of the Lair of Beasts
 15296 | Lair:2   | Reached skill level 15 in Unarmed Combat
 15822 | Lair:2   | Gained mutation: You have a pair of antennae on your head.
                  | [evolution]
 16174 | Lair:2   | Reached ***** piety under Wu Jian
 16751 | Lair:3   | Noticed a catoblepas
 16766 | Lair:3   | Killed a catoblepas
 17144 | Lair:3   | Found a burning altar of Makhleb.
 17172 | Lair:3   | Noticed a dire elephant
 17172 | Lair:3   | Noticed a catoblepas
 17183 | Lair:3   | Noticed a five-headed hydra
 17191 | Lair:3   | Killed a five-headed hydra
 17466 | Lair:3   | Found a runed translucent door.
 18144 | Lair:4   | Found a staircase to the Snake Pit.
 18275 | Lair:4   | Found a staircase to the Swamp.
 18598 | Lair:4   | Gained mutation: You are powered by pain. [demonic
                  | ancestry]
 18598 | Lair:4   | Reached XP level 13. HP: 80/109 MP: 13/13
 19290 | Lair:5   | Reached skill level 16 in Unarmed Combat
 19472 | Lair:5   | Noticed Josephine
 19488 | Lair:5   | Killed Josephine
 20073 | Lair:5   | Reached skill level 1 in Armour
 20328 | Lair:5   | Found a viscous altar of Jiyva.
 20329 | Lair:5   | Found a staircase to the Slime Pits.
 20769 | Lair:6   | Entered Level 6 of the Lair of Beasts
 21255 | Lair:6   | Reached skill level 5 in Dodging
 21432 | Lair:6   | Reached skill level 5 in Armour
 21438 | Lair:6   | Identified the +11 hand axe "Caatithri" {elec, rF+ MR+}
 21836 | Lair:6   | Reached ****** piety under Wu Jian
 22304 | Lair:6   | Reached XP level 14. HP: 79/118 MP: 14/14
 23048 | Lair:6   | Found a transporter.
 23054 | Lair:6   | Noticed Lugonue's ghost (journeyman HOFi)
 23077 | Lair:6   | Found a transporter.
 23526 | Lair:6   | HP: 4/177 [Lugonue's ghost (10)]
 23528 | Lair:6   | Mangled by a manticore

Levels and vault maps discovered:
D:1:      dpeg_arrival_concentric_ovals, layout_basic
D:2:      layout_loops_ring, minmay_gold_behind_fungi, minmay_diced_spiral,
          uniq_robin
D:3:      layout_loops_ring, nicolae_ru_sacrificial_ziggurat,
          grunt_ministairs_7, kennysheep_generic_room_9
D:4:      layout_cave_pools, first_ration, uniq_edmund
D:5:      layout_cave_pools, minmay_temple_entry_arrows, minmay_holes,
          ashenzari_altar_1, uniq_grinder, uniq_pikel
D:6:      layout_basic, serial_shops, shop, minmay_fractal_squares_5
D:7:      minmay_evil_eye, layout_basic
D:8:      layout_basic, special_room [special_room_orc], uniq_maggie
D:9:      layout_stronghold, serial_ice, serial_ice_j, serial_ice_f,
          serial_ice_d, serial_ice_e, minmay_misc_feat_chi, minmay_checkerbox,
          uniq_psyche
D:10:     layout_roguey, lair_entry_dummy, david_orc_3, serial_ice,
          serial_ice_i, serial_ice_c, serial_ice_a, serial_ice_m
D:11:     layout_loops_corners, gauntlet_entry_generic, grunt_pizzeria,
          uniq_gastronok
D:12:     layout_basic, minmay_statue_bubble
Temple:   kilobyte_greek_temple
Lair:1:   layout_cave_shapes, minivault_11
Lair:2:   layout_cave_pods, grunt_megastairs_1
Lair:3:   gammafunk_lair_enchanted_lake, layout_regular_city, basic_altar,
          minivault_19
Lair:4:   layout_regular_city, swamp_mist, guppyfry_snake_entry_island,
          st_stairs_11, infiniplex_staircase_pool
Lair:5:   layout_cave_pods, dpeg_slime_entry_enclosed_altar, uniq_josephine
Lair:6:   minmay_lair_end_enchanted_forest, layout_regular_city,
          gammafunk_ghost_berserking_beasts, pond

Skill      XL: |  1  2  3  4  5  6  7  8  9 10 11 12 13 14 |
---------------+-------------------------------------------+-----
Unarmed Combat | 3 4 5 6 7 9 11 12 14 15 16 | 16.2
Dodging        | 3 7 |  7.9
Fighting       | 3 4 5 7 8 10 11 12 13 | 13.0
Armour         | 6 7 |  7.2
Throwing       | |  1.7

Action                   |  1- 3 |  4- 6 |  7- 9 | 10-12 | 13-15 || total
-------------------------+-------+-------+-------+-------+-------++-------
Melee: Unarmed           |   205 |   224 |   365 |   879 |   601 ||  2274
       Punch             |     2 |     6 |    15 |    74 |    55 ||   152
       Kick              |       |    13 |   118 |   349 |   265 ||   745
Invok: Lunge             |       |       |    28 |    68 |    30 ||   126
       Whirlwind         |       |       |    10 |    53 |    47 ||   110
       Serpent's Lash    |       |       |       |     1 |       ||     1
 Abil: Wall Jump         |       |       |       |       |     3 ||     3
Evoke: Wand              |       |     7 |       |     6 |       ||    13
  Use: Scroll            |     4 |     5 |     8 |    10 |     1 ||    28
       Potion            |     1 |       |     3 |     2 |     1 ||     7
 Stab: Sleeping          |       |     2 |       |     1 |       ||     3
  Eat: Chunk             |     2 |     7 |    13 |    26 |    17 ||    65
       Ration            |       |       |       |     3 |       ||     3
Armor: Leather armour    |    75 |    56 |    79 |     3 |       ||   213
       Swamp dragon scal |       |       |       |   290 |   196 ||   486
Dodge: Dodged            |   145 |   125 |   185 |   438 |   371 ||  1264

Table legend:
 A = Non-vault XP
 B = Vault XP
 C = Vault XP percentage of total XP
 D = Non-vault monster count
 E = Vault monster count
 F = Vault count percentage of total count
                 A         B        C        D         E       F
            +---------+---------+-------+---------+---------+-------
      Total |   48201 |   25054 |  34.2 |     385 |     169 |  30.5
            +---------+---------+-------+---------+---------+-------
        D:1 |      34 |       0 |   0.0 |      17 |       0 |   0.0
        D:2 |      45 |      63 |  58.3 |      19 |      19 |  50.0
        D:3 |     116 |      24 |  17.1 |      27 |       5 |  15.6
        D:4 |     285 |     162 |  36.2 |      13 |       1 |   7.1
        D:5 |     536 |     937 |  63.6 |      22 |       2 |   8.3
        D:6 |    1349 |     462 |  25.5 |      26 |       9 |  25.7
        D:7 |    1457 |     125 |   7.9 |      28 |       2 |   6.7
        D:8 |     302 |    1151 |  79.2 |       6 |      26 |  81.2
        D:9 |    3018 |    1713 |  36.2 |      30 |      14 |  31.8
       D:10 |    4126 |    1549 |  27.3 |      25 |      17 |  40.5
       D:11 |     725 |    2447 |  77.1 |       5 |       2 |  28.6
       D:12 |    3931 |       0 |   0.0 |      37 |       0 |   0.0
     Lair:1 |    1472 |       0 |   0.0 |       8 |       0 |   0.0
     Lair:2 |    4791 |     595 |  11.0 |      25 |       3 |  10.7
     Lair:3 |    2653 |    1892 |  41.6 |      11 |       4 |  26.7
     Lair:4 |    1945 |     463 |  19.2 |      10 |       3 |  23.1
     Lair:5 |    6748 |    2071 |  23.5 |      20 |       6 |  23.1
     Lair:6 |   14668 |   11400 |  43.7 |      56 |      56 |  50.0
            +---------+---------+-------+---------+---------+-------
